zoologist, lawful female human Archeologist .... --- .*..--.@| .......a.| --....|..- |.....--- |.....-- --..).<| --....| --.-- -..| ... zoologist the Field Worker Experience level: 4 Strength: 9 Dexterity: 10 Constitution: 16 Intelligence: 17 Wisdom: 14 Charisma: 14 Health: 0(37) Energy: 21(21) Def: 5 Gold: 627 Moves: 3218 Dungeon seed: fLE4BPImDhnFGyIe Game ID: zoologist_1526391110 Your Inventory: Coins $ - 627 gold pieces Weapons a - a +2 bullwhip v - 3 +0 darts Armor n - an uncursed +0 fedora (being worn) y - an uncursed +0 orcish helm z - an uncursed +1 scale mail (being worn) B - a cursed -1 pair of iron shoes Y - an uncursed +0 dwarvish cloak Comestibles b - 5 uncursed food rations Scrolls t - 2 uncursed scrolls of create monster A - an uncursed scroll of identify H - a cursed scroll of create monster Potions i - an uncursed potion of object detection j - an uncursed potion of invisibility k - an uncursed potion of oil p - an uncursed potion of blindness Wands s - a wand of opening (0:5) Tools d - a tinning kit (0:81) f - an uncursed sack w - an uncursed tallow candle (0:200) C - a +0 pick-axe (weapon in hand) Gems e - 2 uncursed worthless pieces of blue glass q - an uncursed touchstone r - 9 uncursed rocks D - an uncursed topaz stone G - an uncursed worthless piece of yellowish brown glass N - an uncursed worthless piece of yellow glass Spells and supernatural/magical abilities: Name Level Category Fail Memory W - pray for help -- divine ? -- Your skills at the end: Fighting Skills Weapon Skills pick-axe [Basic] whip [Basic] Spellcasting Skills Final Attributes: You were piously aligned. You were stealthy. You were fast. You are dead. Vanquished creatures: a gnome lord 2 gnomish wizards a dwarf an iguana 2 acid blobs 4 giant rats 4 cave spiders 2 yellow molds 8 gnomes a gecko 5 jackals 3 foxes 2 goblins 2 sewer rats 6 grid bugs a bat 3 lichens a kobold zombie 10 newts 59 creatures vanquished. Voluntary challenges: You were an atheist. You used a wielded weapon 59 times, starting on turn 46. You read items or engraved 8 times, starting on turn 2034. You never genocided any monsters. You never polymorphed an object. You never changed form. You used no wishes. You never split a pudding. You wrote Elbereth's name 7 times, starting on turn 2034. You never violated your personal moral code. Dungeon overview: The Dungeons of Doom: levels 1 to 5 Level 1 a long staircase Level 2 a potion shop, a fountain stairs to The Gnomish Mines Level 3 a fountain Level 4 some fountains Level 5 The Gnomish Mines: levels 3 to 4 Level 3 stairs to The Dungeons of Doom Level 4 <- You were here History has recorded: On T:1 you entered the Dungeons of Doom to retrieve the Amulet of Yendor! On T:917 you reached level 2 of The Dungeons of Doom. On T:1857 you advanced to experience level 2. On T:1966 you reached level 4 of The Dungeons of Doom. On T:2335 you reached level 5 of The Dungeons of Doom. On T:2481 you reached level 1 of The Gnomish Mines. On T:2481 you advanced to experience level 3. On T:2533 you advanced to experience level 4. On T:3141 you reached level 2 of The Gnomish Mines. Score breakdown: Gold: 627 ( 9517 points) Experience: 4 levels ( 9649 points) Exploration: 5 levels ( 9.62%) ( 8401 points) Discoveries: 6 items ( 2.01%) ( 4256 points) Valuables value: (no points given unless you survive) Artifact value: 0 ( 0 points) Variety of kills: 19 monsters ( 4.99%) ( 6699 points) Turncount: 3218 turns ( -703 points) Survival: died (score multiplied by 80%) Total score: 30255 Latest messages: You stop. Azog is in the way! The killer bee stings! You miss the killer bee. The killer bee stings! (2x) You miss the killer bee. The killer bee misses. (2x) The killer bee stings! The killer bee's sting was poisoned! You miss the killer bee. The killer bee stings! The killer bee stings! (2x) You miss the killer bee. The killer bee misses. You miss the killer bee. The killer bee stings! (2x) The killer bee's sting was poisoned! You feel weaker! As you read the scroll, it disappears. Your scale mail glows silver for a moment. The killer bee stings! You die... The sack is empty. Final status: Goodbye zoologist the Archeologist, killed by a killer bee... You died in The Gnomish Mines on dungeon level 4 with 30255 points, and 627 pieces of gold, after 3218 moves. You were level 4 with a maximum of 37 hit points when you died.